 Dungeon Crawl Stone Soup version 0.29-a0-380-gf50f0a9fbc (webtiles) character file.

Game seed: 4612668446748704491

505 ryw the Skirmisher (level 6, -1/52 HPs)
             Began as a Demonspawn Monk on May 5, 2022.
             Was a Believer of Okawaru.
             Slain by a gnoll
             ... wielding a +0 halberd
              (10 damage)
             ... on level 3 of the Dungeon.
             The game lasted 00:10:22 (4874 turns).

ryw the Skirmisher (Demonspawn Monk)                Turns: 4874, Time: 00:10:22

Health: -1/52      AC:  2    Str: 14    XL:     6   Next: 96%
Magic:  9/9        EV: 13    Int: 11    God:    Okawaru [**....]
Gold:   190        SH:  5    Dex: 21    Spells: 6/9 levels left

rFire   . . .      SeeInvis .   v - +3 whip (venom)
rCold   . . .      Faith    .   (no shield)
rNeg    . . .      Spirit   .   m - +0 robe
rPois   .          Reflect  +   (no helmet)
rElec   .          Harm     .   (no cloak)
rCorr   .          Rampage  .   (no gloves)
Will    .....                   (no boots)
Stlth   ++........              n - amulet of reflection
HPRegen 0.17/turn               d - +6 ring of dexterity
MPRegen 0.11/turn               (no ring)

@: no status effects
A: hooves 2, (demonic guardian 1), demonic magic 1
a: Renounce Religion, Heroism


You were on level 3 of the Dungeon.
You worshipped Okawaru.
Okawaru was pleased with you.
You visited 2 branches of the dungeon, and saw 5 of its levels.

You collected 190 gold pieces.

Inventory:

Hand Weapons
 v - a +3 whip of venom (weapon)
Missiles
 j - 5 boomerangs (quivered)
Armour
 k - a +0 leather armour
 m - a +0 robe (worn)
Jewellery
 d - a +6 ring of dexterity (left hand)
 n - an amulet of reflection (around neck)
Scrolls
 f - a scroll of fog
 l - a scroll of teleportation
 r - a scroll of immolation
Potions
 c - a potion of magic
 e - a potion of cancellation
 g - a potion of attraction
 h - a potion of might
 i - 3 potions of haste
 p - a potion of flight
 s - a potion of berserk rage {unknown}
 u - 2 potions of lignification


   Skills:
 - Level 6.2 Fighting
 - Level 1.0 Axes
 + Level 0.1(0.4) Maces & Flails
 - Level 2.6 Dodging
 - Level 1.7 Stealth
 - Level 2.6 Unarmed Combat
 + Level 2.0 Spellcasting
 + Level 2.2 Conjurations
 + Level 2.2 Poison Magic
 + Level 1.4 Invocations


You had 6 spell levels left.
You knew the following spells:

 Your Spells              Type           Power      Damage    Failure   Level
a - Mephitic Cloud        Conj/Pois/Air  4%         N/A       43%         3

Your spell library contained the following spells:

 Spells                   Type           Power      Damage    Failure   Level
 Ignite Poison            Fire/Tmut/Pois 2%         N/A       54%         3
 Freezing Cloud           Conj/Ice/Air   1%         6-21      99%         5


Dungeon Overview and Level Annotations

Branches:
Dungeon (4/15)             Temple (1/1) D:4

Altars:
Cheibriados
Dithmenos
Fedhas
Kikubaaqudgha
Okawaru
Uskayaw
Vehumet
Zin
The Shining One

Shops:
D:2 !   D:3 =


Innate Abilities, Weirdness & Mutations

You have hoof-like feet.
((A weak demonic guardian rushes to your aid.))
Spells you cast may paralyse adjacent enemies.


Message History

There is an open door here.
The adder attacks as you move away! The adder closely misses you.
The adder attacks as you move away! You block the adder's attack.
The adder completely misses you.
You hit the adder. You kick the adder.
The adder is almost dead.
You block the adder's attack.
You whack the adder!
You kill the adder!
Okawaru accepts your kill. The adder closely misses you.
Your Spellcasting skill increases to level 2!
You hit the adder.
The adder is poisoned.
Your kick misses the adder.
The adder is heavily wounded.
The adder barely misses you.
The gnoll hits you from afar with a +0 halberd.
You whack the adder!
You kill the adder!
Okawaru accepts your kill.
The gnoll hits you from afar with a +0 halberd!
The gnoll barely misses you.
You see here an adder corpse.
You closely miss the gnoll. The gnoll closely misses you.
You barely miss the gnoll. You kick the gnoll.
The gnoll is lightly wounded.
The gnoll barely misses you.
You closely miss the gnoll.
The gnoll is lightly wounded.
The gnoll closely misses you.
You hit the gnoll.
The gnoll is poisoned.
Your kick misses the gnoll.
The gnoll is moderately wounded.
The gnoll barely misses you.
You closely miss the gnoll.
The gnoll is moderately wounded.
The gnoll hits you with a +0 halberd!
* * * LOW HITPOINT WARNING * * *
You barely miss the gnoll. You kick the gnoll, but do no damage.
The gnoll is moderately wounded.
The gnoll hits you with a +0 halberd!
You die...

.._###...####.......## ##.......
#####...####.........####...##.##
...........'<........+..........)
#####...####.....>...###....##.#.
#.......##.......## #.#.###.#.
#.##.##.###.....## #.####....
#.##.##.# ##...## #.# #.....
#.##.##.# ##g## #.# #.....
#.##.##.# #@# #.# #.###.
#......<## #.# #.###.###.
#........# ##.## #.........
#.##.###<###...## #####.##.#
#.##.###.##.....#########.##.#
####.##.##..###...##.........##..
.##....#.....#...................
##..##.#...#.#..#...##.....######
#..##[)#.#.#....#.#.....##.#...#.


You could see a gnoll (very poisoned).

Vanquished Creatures
  A sky beast (D:4)
  A scorpion (D:3)
  An orc priest (D:4)
  A hound (D:4)
  2 iguanas (D:4)
  An orc wizard (D:4)
  10 adders
  2 gnolls (D:3)
  An ufetubus (D:4)
  3 worms
  2 dart slugs (D:3)
  5 orcs
  7 endoplasms
  6 giant cockroaches
  7 goblins
  5 hobgoblins
  8 jackals
  5 quokkas
  6 ball pythons
  7 bats
  4 frilled lizards
  7 kobolds
  6 rats
98 creatures vanquished.

Notes
Turn   | Place    | Note
-------+----------+-------------------------------------------
     0 | D:1      | ryw the Demonspawn Monk began the quest for the Orb.
     0 | D:1      | Reached XP level 1. HP: 18/18 MP: 1/1
   187 | D:1      | Gained mutation: You have large cloven feet. [demonic
                  | ancestry]
   187 | D:1      | Reached XP level 2. HP: 16/24 MP: 2/2
   213 | D:1      | HP: 1/25 [hobgoblin (2)]
   326 | D:1      | Reached skill level 4 in Fighting
   405 | D:1      | Found a faded altar of an unknown god.
   604 | D:1      | Gained mutation: Spells you cast may paralyse adjacent
                  | enemies. [demonic ancestry]
   604 | D:1      | Reached XP level 3. HP: 28/30 MP: 3/3
   992 | D:2      | Found Deydann's Distillery.
  1534 | D:2      | Gained mutation: You have hoof-like feet. [demonic
                  | ancestry]
  1534 | D:2      | Reached XP level 4. HP: 36/38 MP: 4/4
  1539 | D:2      | Reached skill level 5 in Fighting
  2138 | D:3      | Noticed a scorpion
  2157 | D:3      | Killed a scorpion
  2158 | D:3      | Reached skill level 1 in Axes
  2158 | D:3      | Gained mutation: A weak demonic guardian rushes to your
                  | aid. [demonic ancestry]
  2158 | D:3      | Reached XP level 5. HP: 14/46 MP: 5/5
  2645 | D:3      | Reached skill level 6 in Fighting
  2845 | D:3      | Found Gean Ott's Jewellery Shop.
  3298 | D:3      | Found a shadowy altar of Dithmenos.
  3306 | D:3      | Found a hide-covered altar of Uskayaw.
  3318 | D:3      | Found a snail-covered altar of Cheibriados.
  3323 | D:3      | Found an ancient bone altar of Kikubaaqudgha.
  3347 | D:3      | Found a radiant altar of Vehumet.
  3371 | D:3      | Learned a level 3 spell: Mephitic Cloud
  3430 | D:4      | Found a staircase to the Ecumenical Temple.
  3443 | Temple   | Entered the Ecumenical Temple
  3450 | Temple   | Became a worshipper of Warmaster Okawaru
  3450 | Temple   | Reached * piety under Okawaru
  3450 | Temple   | Reached ** piety under Okawaru
  3468 | D:4      | Reached XP level 6. HP: 28/52 MP: 5/7
  3623 | D:4      | Reached skill level 1 in Conjurations
  3623 | D:4      | Reached skill level 1 in Poison Magic
  3653 | D:4      | Reached skill level 1 in Spellcasting
  4347 | D:4      | Noticed a sky beast
  4368 | D:4      | Killed a sky beast
  4369 | D:4      | Reached skill level 1 in Invocations
  4874 | D:3      | Slain by a gnoll

Illustrated notes

Levels and vault maps discovered:
D:1:      amcnicky_arrival_flooded_fountain, layout_rooms,
          shapermc_ecumenical_altar_totnotflames, feat_on_display
D:2:      layout_basic, serial_shops, nicolae_shop_hallway_stairs
D:3:      minmay_thinvault, layout_loops_corners,
          grunt_temple_overflow_octagram, serial_shops, shop
D:4:      layout_rooms, minmay_temple_entry_tees
Temple:   regret_index_temple_waves

Skill      XL: |  1  2  3  4  5  6 |
---------------+-------------------+-----
Fighting       | 4 5 6 |  6.2
Axes           | 1 |  1.0
Conjurations   | 2 |  2.2
Poison Magic   | 2 |  2.2
Spellcasting   | 2 |  2.0
Invocations    | 1 |  1.4
Maces & Flails | |  0.1
Dodging        | |  2.6
Stealth        | |  1.7
Unarmed Combat | |  2.6

Action                   |  1- 3 |  4- 6 || total
-------------------------+-------+-------++-------
Melee: Unarmed           |   141 |     5 ||   146
       Punch             |     4 |     3 ||     7
       Kick              |    28 |    43 ||    71
       Hand axe          |       |   162 ||   162
       Whip              |       |    10 ||    10
Throw: Boomerang         |       |     2 ||     2
  Use: Potion            |     1 |     3 ||     4
       Scroll            |       |    15 ||    15
 Stab: Sleeping          |       |     4 ||     4
Armor: Scale mail        |    76 |    18 ||    94
       Skin              |       |     5 ||     5
       Leather armour    |       |    15 ||    15
Dodge: Dodged            |    65 |   115 ||   180
Block: Other             |     4 |    38 ||    42
       Reflection        |       |     1 ||     1

Table legend: (Time is in decaauts)
 A = Elapsed time spent in this place.
 B = Non-inter-level travel time spent in this place.
 C = Inter-level travel time spent in this place.
 D = Time resting spent in this place.
 E = Time spent auto-exploring this place.
 F = Levels seen in this place.
 G = Mean time per level.
                   A        B        C        D        E       F      G
               +--------+--------+--------+--------+--------+-----+--------+
         Total |   4909 |   4665 |    244 |    570 |   3267 |   5 |  981.8 |
       Dungeon |   4894 |   4656 |    238 |    570 |   3267 |   4 | 1223.5 |
        Temple |     14 |      8 |      6 |      0 |      0 |   1 |   14.0 |
               +--------+--------+--------+--------+--------+-----+--------+

Top non-repeatable levels by time:
     D:3: 1849 daAuts
     D:4: 1255 daAuts
     D:2: 1022 daAuts
     D:1: 766 daAuts
  Temple: 14 daAuts
